 Dungeon Crawl Stone Soup version 0.29.1-4-g47bece8355 (webtiles) character file.

Game seed: 16500467982801170290

42 PhantomBowie the Trooper (level 3, -2/36 HPs)
             Began as a Gargoyle Berserker on Dec 4, 2022.
             Was a Follower of Trog.
             Slain by a gnoll
             ... wielding a +0 spear
              (6 damage)
             ... on level 2 of the Dungeon.
             The game lasted 00:03:59 (1312 turns).

PhantomBowie the Trooper (Gargoyle Berserker)       Turns: 1312, Time: 00:03:59

Health: -2/36      AC:  9    Str: 22    XL:     3   Next: 54%
Magic:  3/3        EV: 11    Int:  7    God:    Trog [*.....]
Gold:   98         SH:  0    Dex:  9    Spells: 2/2 levels left

rFire   . . .      SeeInvis .   a - +0 mace
rCold   . . .      Faith    .   (no shield)
rNeg    + . .      Spirit   .   g - +0 ring mail
rPois   ∞          Reflect  .   (no helmet)
rElec   +          Harm     .   (no cloak)
rCorr   .          Rampage  .   q - +0 pair of gloves
Will    +....                   (no boots)
Stlth   ..........              (no amulet)
HPRegen 0.12/turn               i - ring of willpower
MPRegen 0.08/turn               (no ring)

@: berserking, very quick
A: sickness immunity, AC +3, negative energy resistance 1, electricity
resistance, torment resistance 1, petrification resistance
a: Renounce Religion, Berserk


You were on level 2 of the Dungeon.
You worshipped Trog.
Trog was aware of your devotion.
You visited 1 branch of the dungeon, and saw 2 of its levels.

You collected 98 gold pieces.

Inventory:

Hand Weapons
 a - a +0 mace (weapon)
Armour
 g - a +0 ring mail (worn)
 q - a +0 pair of gloves (worn)
Jewellery
 i - a ring of willpower (left hand)
Scrolls
 c - a scroll of identify {unknown}
 f - 5 scrolls of teleportation {unknown}
 h - a scroll of vulnerability {unknown}
 k - a scroll of noise {unknown}
 o - a scroll of summoning {unknown}
 p - a scroll of fear {unknown}
Potions
 b - a potion of degeneration {unknown}
 d - 2 potions of lignification {unknown}
 e - a potion of heal wounds {unknown}
 j - a potion of haste {unknown}
 l - a potion of might {unknown}
 m - a potion of curing {unknown}
 n - a potion of invisibility {unknown}


   Skills:
 + Level 3.7 Fighting
 + Level 3.3 Maces & Flails
 + Level 2.8 Armour
 + Level 2.0 Dodging


You had 2 spell levels left.
You didn't know any spells.
Your spell library was empty.

Dungeon Overview and Level Annotations

Branches:
Dungeon (2/15)

Altars:
Zin

Shops:
D:2 [


Innate Abilities, Weirdness & Mutations

You are immune to sickness and miasma.
Your stone body is resilient. (AC +3)
You are immune to poison.
You resist negative energy. (rN+)
You are resistant to electric shocks. (rElec)
You are resistant to unholy torment.
You are immune to petrification.


Message History

Found 16 gold pieces.
You now have 82 gold pieces (gained 16).
d - 2 amethyst potions (gained 1)
You now have 98 gold pieces (gained 16).
Found Niubb's Antique Armour Emporium.
There is an entrance to Niubb's Antique Armour Emporium here. 2 gnolls come into view.
Found a scroll labelled URRENAA SETUYLL.
The gnoll shouts! x2; You hear a shout!
The gnoll hits you from afar with a +0 spear.
The gnoll hits you with a +0 spear.
A gnoll comes into view. It is wielding a +0 spear.
You hit the gnoll.
The gnoll is heavily wounded.
The gnoll hits you with a +0 spear! The gnoll hits you but does no damage.
The gnoll hits you from afar with a +0 spear.
You hit the gnoll.
The gnoll is heavily wounded.
The gnoll completely misses you. The gnoll hits you but does no damage.
The gnoll closely misses you.
You hit the gnoll.
The gnoll is severely wounded.
The gnoll barely misses you. The gnoll closely misses you.
The gnoll barely misses you. The gnoll hits you but does no damage.
The gnoll hits you with a +0 spear. The gnoll barely misses you.
A red film seems to cover your vision as you go berserk!
You feel yourself moving faster!
You feel mighty! The gnoll hits you with a +0 spear.
The gnoll closely misses you.
The gnoll hits you from afar with a +0 spear.
You sock the gnoll!
You kill the gnoll!
Trog accepts your kill. The gnoll hits you with a +0 spear!
* * * LOW HITPOINT WARNING * * *
The gnoll hits you but does no damage.
You see here a +0 spear.
You thump the gnoll!
The gnoll is almost dead.
The gnoll hits you but does no damage. The gnoll hits you with a +0 spear.
You die...

# #.#
#.#####.# ##
#.# .# .# #.#
^# #.# .#
#########.# .#
#.........# .#
#.######### .#
#.# .# #@#
.########
#.gg#
...)....#
#.###
.######.####
#. .#
#.......# #
.###.......#
..##.......#
#.#....)......
#..........###


You could see 2 gnolls.

Vanquished Creatures
  A gnoll (D:2)
  A dart slug (D:1)
  2 bats
  2 endoplasms (D:1)
  A giant cockroach (D:1)
  6 goblins
  2 hobgoblins (D:1)
  5 ball pythons
  3 frilled lizards (D:1)
  3 kobolds (D:2)
  2 rats (D:1)
28 creatures vanquished.

Notes
Turn   | Place    | Note
-------+----------+-------------------------------------------
     0 | D:1      | PhantomBowie the Gargoyle Berserker began the quest for the
                  | Orb.
     0 | D:1      | Reached XP level 1. HP: 14/14 MP: 1/1
   214 | D:1      | Reached XP level 2. HP: 19/19 MP: 2/2
   556 | D:1      | Found a faded altar of an unknown god.
   865 | D:2      | Found a glowing silver altar of Zin.
  1004 | D:2      | Reached XP level 3. HP: 23/24 MP: 3/3
  1227 | D:2      | Found Niubb's Antique Armour Emporium.
  1312 | D:2      | Slain by a gnoll

Illustrated notes

Levels and vault maps discovered:
D:1:      sevenhm_arrival_forest_fort_large_2, layout_rooms,
          shapermc_ecumenical_altar_mp_urbaneastern, serial_curves,
          eino_curves_02, eino_curves_01
D:2:      layout_loops_ring, serial_shops, shop, basic_altar

Skill      XL: |  1  2  3 |
---------------+----------+-----
Dodging        | 2 |  2.0
Fighting       | |  3.7
Maces & Flails | |  3.3
Armour         | |  2.8

Action                   || total
-------------------------++-------
Melee: Mace              ||    92
       Punch             ||     1
Invok: Berserk           ||     1
Armor: Animal skin       ||     6
       Ring mail         ||    32
Dodge: Dodged            ||    65
